 Dungeon Crawl Stone Soup version 0.21-a0-615-g8e08f28 (webtiles) character file.

36 polly the Skirmisher (level 3, 0/24 HPs)
             Began as a Gargoyle Berserker on Dec 23, 2017.
             Was a Believer of Trog.
             Slain by a gnoll
             ... wielding a +0 flail
              (6 damage)
             ... on level 2 of the Dungeon.
             The game lasted 00:01:15 (1553 turns).

polly the Skirmisher (Gargoyle Berserker)           Turns: 1553, Time: 00:01:15

Health: 0/24       AC:  8    Str: 20    XL:     3   Next: 37%
Magic:  3/3        EV: 11    Int:  7    God:    Trog [**....]
Gold:   54         SH:  0    Dex: 10    Spells: 2/2 levels left

rFire    . . .     SeeInvis .   a - +0 mace
rCold    . . .     Gourm    .   (no shield)
rNeg     + . .     Faith    .   f - +0 ring mail
rPois    ∞         Spirit   .   (no helmet)
rElec    +         Reflect  .   (no cloak)
rCorr    .         Harm     .   (no gloves)
MR       .....                  (no boots)
Stlth    ..........             (no amulet)
HPRegen  0.08/turn              (no ring)
MPRegen  0.08/turn              (no ring)

@: no status effects
A: negative energy resistance 1, electricity resistance, unbreathing,
petrification resistance, rot immunity, AC +3
a: Berserk, Trog's Hand, Burn Spellbooks, Renounce Religion


You were on level 2 of the Dungeon.
You worshipped Trog.
Trog was pleased with you.
You were not hungry.

You visited 1 branch of the dungeon, and saw 2 of its levels.

You collected 54 gold pieces.

Inventory:

Hand Weapons
 a - a +0 mace (weapon)
Armour
 b - a +0 animal skin
 f - a +0 ring mail (worn)
Scrolls
 d - 2 scrolls of enchant weapon {unknown}
 e - a scroll of amnesia {unknown}
 g - 2 scrolls of identify {unknown}
 j - a scroll of immolation {unknown}
 k - a scroll of remove curse {unknown}
Potions
 h - a potion of lignification {unknown}
Comestibles
 c - 6 rations


   Skills:
 + Level 3.9 Fighting
 + Level 3.5 Maces & Flails
 + Level 2.5 Armour
 + Level 1.8 Dodging
 + Level 0.1 Stealth


You had 2 spell levels left.
You didn't know any spells.

Dungeon Overview and Level Annotations

Branches:
Dungeon (2/15)

Altars:


Innate Abilities, Weirdness & Mutations

You are resistant to torment.
Your stone body is resilient. (AC +3)
You are immune to poison.
You resist negative energy. (rN+)
You are resistant to electric shocks. (rElec)
You can survive without breathing.
You are immune to petrification.
You are immune to rotting.


Message History

2 gnolls come into view.
The gnoll hits you from afar with a spear.
The gnoll closely misses you. The gnoll misses you.
You hit the gnoll but do no damage. The gnoll hits you but does no damage.
You hit the gnoll but do no damage. The gnoll barely misses you.
The gnoll hits you but does no damage. x2; The gnoll closely misses you.
You barely miss the gnoll.
The gnoll hits you but does no damage. x2
The gnoll hits you with a flail. x2
* * * LOW HITPOINT WARNING * * *
The gnoll closely misses you.
You are too injured to fight recklessly!
You are too injured to fight recklessly!
You are too injured to fight recklessly!
Unknown command.
Unknown command.
The gnoll hits you from afar with a spear.
* * * LOW HITPOINT WARNING * * *
A dart slug comes into view.
The gnoll closely misses you. The gnoll hits you with a flail.
You die...

#............#+#
#.w.......)#.#.#
#......^...#.#.# ...#
#..........#.#.# ...#
#..........#.#.# ...#
#..........#...##...#
#......g.(..†...+...#
#........gg.#..##...#
#........g@.#....#
###########....#.#
####>#.# #.#.# #.#.#
#.#.# #[#.# #.#.# #.#


You could see 4 gnolls.

Vanquished Creatures
  An adder zombie (D:1)
  A dart slug (D:1)
  2 leopard geckos
  A bat zombie (D:1)
  2 giant cockroaches (D:1)
  4 goblins (D:1)
  4 hobgoblins (D:1)
  4 bats
  A frilled lizard (D:2)
  4 kobolds (D:1)
  4 rats (D:1)
28 creatures vanquished.

Notes
Turn   | Place    | Note
-------+----------+-------------------------------------------
     0 | D:1      | polly the Gargoyle Berserker began the quest for the Orb.
     0 | D:1      | Reached XP level 1. HP: 14/14 MP: 1/1
   369 | D:1      | Reached XP level 2. HP: 12/19 MP: 2/2
  1036 | D:1      | Reached XP level 3. HP: 24/24 MP: 3/3
  1308 | D:1      | Reached ** piety under Trog
  1553 | D:2      | Slain by a gnoll

Vault maps used:
D:1:      saegor_arrival_fortress
D:2:      zin_angel

Action                   || total
-------------------------++-------
Melee: Mace              ||    97
  Eat: Chunk             ||     2
Armor: Animal skin       ||    23
       Ring mail         ||    17
Dodge: Dodged            ||    84

Table legend:
 A = Spawn XP
 B = Non-spawn XP
 C = Spawn XP percentage of total XP
 D = Spawn monster count
 E = Non-spawn monster count
 F = Spawn count percentage of total count
 G = Total turns spent on level
                    A         B        C        D         E        F      G
               +---------+---------+-------+---------+---------+-------+---------
         Total |       0 |      52 |   0.0 |       0 |      28 |   0.0 |  1553
               +---------+---------+-------+---------+---------+-------+---------
           D:1 |       0 |      46 |   0.0 |       0 |      25 |   0.0 |  1504
           D:2 |       0 |       6 |   0.0 |       0 |       3 |   0.0 |    49
               +---------+---------+-------+---------+---------+-------+---------
